 Dungeon Crawl Stone Soup version 0.30-a0-122-g2a1322497e (webtiles) character file.

Game seed: 11115037039902937286

177 NinjaNoafa the Shooter (level 5, -4/45 HPs)
             Began as a Minotaur Hunter on Sept 16, 2022.
             Slain by a black bear (6 damage)
             ... on level 4 of the Dungeon.
             The game lasted 00:06:33 (1811 turns).

NinjaNoafa the Shooter (Minotaur Hunter)            Turns: 1811, Time: 00:06:33

Health: -4/45      AC:  5    Str: 16    XL:     5   Next: 31%
Magic:  4/4        EV: 12    Int: 12    God:
Gold:   146        SH:  4    Dex: 15    Spells: 4/4 levels left

rFire   . . .      SeeInvis .    g - +0 sling (flame)
rCold   . . .      Faith    .    q - +0 buckler
rNeg    . . .      Spirit   .    c - +0 leather armour
rPois   .          Reflect  .    (helmet restricted)
rElec   .          Harm     .    (no cloak)
rCorr   .          Rampage  .    (no gloves)
Will    .....                    h - +1 pair of boots
Stlth   +.........               (no amulet)
HPRegen 0.15/turn                k - +6 ring of intelligence
MPRegen 0.09/turn                (no ring)

@: hasted, very quick
A: horns 2, retaliatory headbutt
a: no special abilities


You were on level 4 of the Dungeon.
You visited 1 branch of the dungeon, and saw 4 of its levels.

You collected 146 gold pieces.

Inventory:

Hand Weapons
 e - a +0 rapier
 g - a +0 sling of flaming (weapon)
Missiles
 d - 37 stones
Armour
 c - a +0 leather armour (worn)
 h - a +1 pair of boots (worn)
 q - a +0 buckler (worn)
Jewellery
 k - a +6 ring of intelligence (left hand)
Wands
 f - a wand of flame (12)
 j - a wand of roots (9)
Scrolls
 a - a scroll of noise {unknown}
 o - a scroll of amnesia
 p - a scroll of teleportation


   Skills:
 - Level 3.0 Fighting
 + Level 6.1 Ranged Weapons
 + Level 1.4 Armour
 - Level 3.0 Dodging
 - Level 0.7 Stealth
 + Level 1.4 Shields
 + Level 1.0 Evocations


You had 4 spell levels left.
You didn't know any spells.
Your spell library was empty.

Dungeon Overview and Level Annotations

Branches:
Dungeon (4/15)
 Temple: D:4-7

Altars:
Qazlal


Innate Abilities, Weirdness & Mutations

You have a pair of horns on your head.
You reflexively headbutt those who attack you in melee.


Message History

Okay, then.
You aren't carrying any potions.
Unknown command.
Okay, then.
Really read the scroll of immolation?
As you read the scroll of immolation, it crumbles to dust.
The creatures around you are filled with an inner flame!
You hear a shout!
Fire: g) +0 sling (flame)
Press: ? - help, Q - select action, (/) - cycle Shift-Dir - straight line, f - black bear
Aim: a black bear (severely wounded, berserk, inner flame, 68% to hit)
You shoot a sling bullet.
The sling bullet closely misses the black bear.
Unknown command.
Fire: g) +0 sling (flame)
Press: ? - help, Q - select action, (/) - cycle Shift-Dir - straight line, f/p - black bear
Aim: a black bear (severely wounded, berserk, inner flame, 68% to hit)
You shoot a sling bullet.
The sling bullet barely misses the black bear.
The black bear rages.
Fire: g) +0 sling (flame)
Press: ? - help, Q - select action, (/) - cycle Shift-Dir - straight line, f/p - black bear
Aim: a black bear (severely wounded, berserk, inner flame, 68% to hit)
You shoot a sling bullet. The sling bullet hits the black bear.
Flame seeps out of the black bear.
The sling bullet burns the black bear.
Flame seeps out of the black bear.
The black bear is severely wounded.
The black bear is engulfed in blazing flames.
Flame seeps out of the black bear.
Fire: g) +0 sling (flame)
Press: ? - help, Q - select action, (/) - cycle Shift-Dir - straight line, f/p - black bear
Aim: a black bear (almost dead, berserk, inner flame, 68% to hit)
You shoot a sling bullet.
The sling bullet hits the black bear but does no damage.
The black bear is almost dead.
The black bear attacks as you move away!
The black bear bites you.
* * * LOW HITPOINT WARNING * * *
The black bear claws you.
You die...

..###..#######...##.##.
.........[.......h#...^
.........#..g#.#...g...
........<##..###....§..
............## #......[
..##.....°#............
##.....###......##..
#..h..##....#..# ..
##@.#####...#..[ ..
##.# .....#?.... ###
.## .. ..


You could see a black bear (berserk, inner flame) and a goblin.

Vanquished Creatures
  A phantom (D:4)
  Robin (D:3)
  3 adders
  2 dart slugs (D:1)
  5 endoplasms
  2 giant cockroaches
  5 hobgoblins
  4 jackals
  5 quokkas
  5 ball pythons
  6 bats
  A frilled lizard (D:1)
  8 goblins
  4 kobolds
  7 rats
59 creatures vanquished.

Vanquished Creatures (others)
  4 plants (D:1)
  3 withered plants (D:1)
7 creatures vanquished.

Grand Total: 66 creatures vanquished

Notes
Turn   | Place    | Note
-------+----------+-------------------------------------------
     0 | D:1      | NinjaNoafa the Minotaur Hunter began the quest for the Orb.
     0 | D:1      | Reached XP level 1. HP: 18/18 MP: 0/0
    24 | D:1      | You fall into a shaft and drop 1 floor!
   276 | D:2      | Reached XP level 2. HP: 25/25 MP: 1/1
   460 | D:1      | Reached XP level 3. HP: 31/31 MP: 2/2
   648 | D:1      | Reached skill level 5 in Ranged Weapons
   663 | D:1      | Found a faded altar of an unknown god.
  1339 | D:3      | Reached XP level 4. HP: 38/38 MP: 3/3
  1513 | D:3      | Noticed Robin
  1538 | D:3      | Killed Robin
  1689 | D:4      | Noticed a phantom
  1703 | D:4      | Killed a phantom
  1704 | D:4      | Reached skill level 6 in Ranged Weapons
  1704 | D:4      | Reached skill level 1 in Armour
  1704 | D:4      | Reached skill level 1 in Shields
  1704 | D:4      | Reached skill level 1 in Evocations
  1704 | D:4      | Reached XP level 5. HP: 45/45 MP: 4/4
  1772 | D:4      | Found a stormy altar of Qazlal.
  1787 | D:4      | Noticed a black bear
  1799 | D:4      | HP: 1/45 [black bear (6)]
  1811 | D:4      | HP: 2/45 [black bear (1)]
  1811 | D:4      | Slain by a black bear

Illustrated notes

Levels and vault maps discovered:
D:1:      tarquinn_simple_flora_water_c, layout_loops_ring,
          shapermc_ecumenical_altar_flowoftime
D:2:      layout_rooms
D:3:      layout_basic, general_overflow_altar, uniq_robin
D:4:      layout_cave_pools, pdpol_temple_overflow_zin_treasury_gozag_greed,
          mainiacjoe_overflow_cross_hatched,
          mainiacjoe_overflow_concentric_impassable, gammafunk_ghost_split,
          uniq_duvessa

Skill      XL: |  1  2  3  4 |
---------------+-------------+-----
Fighting       | 3 |  3.0
Dodging        | 3 |  3.0
Ranged Weapons | 5 6 |  6.1
Armour         | 1 |  1.4
Shields        | 1 |  1.4
Evocations     | 1 |  1.0
Stealth        | |  0.7

Action                   |  1- 3 |  4- 6 || total
-------------------------+-------+-------++-------
Melee: Dagger            |    22 |       ||    22
       Headbutt          |    10 |     2 ||    12
       Rapier            |       |    11 ||    11
       Punch             |       |     1 ||     1
 Fire: Shortbow          |    98 |    18 ||   116
       Sling             |       |    17 ||    17
  Use: Scroll            |     3 |     5 ||     8
       Potion            |       |     4 ||     4
Armor: Leather armour    |     8 |    25 ||    33
Dodge: Dodged            |    30 |    37 ||    67
Block: Buckler           |       |     5 ||     5

Table legend: (Time is in decaauts)
 A = Elapsed time spent in this place.
 B = Non-inter-level travel time spent in this place.
 C = Inter-level travel time spent in this place.
 D = Time resting spent in this place.
 E = Time spent auto-exploring this place.
 F = Levels seen in this place.
 G = Mean time per level.
                   A        B        C        D        E       F      G
               +--------+--------+--------+--------+--------+-----+--------+
         Total |   1852 |   1779 |     73 |      0 |   1366 |   4 |  463.0 |
       Dungeon |   1852 |   1779 |     73 |      0 |   1366 |   4 |  463.0 |
               +--------+--------+--------+--------+--------+-----+--------+

Top non-repeatable levels by time:
     D:1: 821 daAuts
     D:2: 471 daAuts
     D:3: 426 daAuts
     D:4: 132 daAuts
